 Dungeon Crawl Stone Soup version 0.30-a0-1014-g3371b13838 (webtiles) character file.

Game seed: 11791148502949888302

620 MacCMillion the Shooter (level 7, 0/53 HPs)
             Began as a Demigod Hunter on Apr 6, 2023.
             Constricted to death by a ball python (1 damage)
             ... on level 4 of the Dungeon.
             The game lasted 00:06:24 (6731 turns).

MacCMillion the Shooter (Demigod Hunter)            Turns: 6731, Time: 00:06:24

Health: 0/53       AC:  6    Str: 12    XL:     7   Next: 1%
Magic:  9/9        EV:  9    Int: 11    God:
Gold:   291        SH:  0    Dex: 25    Spells: 6/6 levels left

rFire   . . .      SeeInvis .    a - +0 shortbow
rCold   . . .      Faith    .    (shield currently unavailable)
rNeg    . . .      Spirit   .    c - +0 leather armour
rPois   .          Reflect  .    (no helmet)
rElec   .          Rampage  .    (no cloak)
rCorr   .                        r - +1 pair of gloves
Will    .....                    k - +0 pair of boots
Stlth   ++                       (no amulet)
HPRegen 0.28/turn                (no ring)
MPRegen 0.11/turn                (no ring)

@: constricted
A: high MP 1, forlorn, divine attributes
a: no special abilities


You were on level 4 of the Dungeon.
You visited 1 branch of the dungeon, and saw 5 of its levels.

You collected 291 gold pieces.

Inventory:

Hand Weapons
 a - a +0 shortbow (weapon)
Armour
 c - a +0 leather armour (worn)
 k - a +0 pair of boots (worn)
 r - a +1 pair of gloves (worn)
Jewellery
 s - a ring of willpower
Wands
 u - a wand of light (10)
 x - a wand of roots (6)
Scrolls
 b - a scroll of immolation
 d - 2 scrolls of enchant armour {unknown}
 e - a scroll of noise {unknown}
 g - 3 scrolls of identify {unknown}
 j - 2 scrolls of teleportation {unknown}
 l - 2 scrolls of blinking {unknown}
 m - a scroll of poison {unknown}
 p - a scroll of torment {unknown}
 t - a scroll of magic mapping {unknown}
Potions
 f - a potion of resistance {unknown}
 h - 2 potions of attraction {unknown}
 i - 2 potions of mutation {unknown}
 n - 4 potions of curing {unknown}
 o - 2 potions of cancellation {unknown}
 q - a potion of brilliance {unknown}
 v - a potion of lignification {unknown}
 w - a potion of heal wounds {unknown}


   Skills:
 - Level 1.8 Fighting
 + Level 7.9 Ranged Weapons
 - Level 1.8 Dodging
 - Level 2.0 Stealth


You had 6 spell levels left.
You didn't know any spells.
Your spell library contained the following spells:

 Spells                   Type           Power      Damage    Failure   Level
 Cigotuvi's Dreadful Rot  Necr/Pois/Air  0%         N/A       56%         2
 Ensorcelled Hibernation  Hex/Ice        0%         N/A       56%         2
 Passwall                 Tmut/Erth      0%         N/A       56%         2
 Swiftness                Air            0%         N/A       80%         3
 Dispel Undead            Necr           0%         3d6       99%         4
 Death Channel            Necr           0%         N/A       100%        6


Dungeon Overview and Level Annotations

Branches:
Dungeon (5/15)             Temple (0/1) D:4

Shops:
D:5 *

Annotations:
D:4 Natasha


Innate Abilities, Weirdness & Mutations

You have an increased reservoir of magic. (+10% MP)
You shall have no god before yourself.
Your divine heritage dramatically boosts your attributes as you level up.


Message History

The ball python grabs you. The ball python constricts you.
Fire: a) +0 shortbow
Press: ? - help, Q - select action, (/) - cycle Shift-Dir - straight line, f/p - gnoll bouda
Aim: a gnoll bouda, wielding a +1 whip of electrocution and wearing a +0 leather armour (almost dead, 70% to hit)
You shoot an arrow. The arrow hits the gnoll bouda.
You kill the gnoll bouda!
The ball python bites you but does no damage.
The ball python constricts you.
You have reached level 7!
Fire: a) +0 shortbow
Press: ? - help, Q - select action, (/) - cycle Shift-Dir - straight line, f - ball python
Aim: a ball python (constricting you, 64% to hit)
Okay, then.
Okay, then.
Fire: a) +0 shortbow
Press: ? - help, Q - select action, (/) - cycle Shift-Dir - straight line, f - ball python
Aim: a ball python (constricting you, 64% to hit)
You shoot an arrow.
The arrow barely misses the ball python.
The ball python bites you but does no damage.
The ball python constricts you. The ball python barely misses you.
The ball python constricts you.
Fire: a) +0 shortbow
Press: ? - help, Q - select action, (/) - cycle Shift-Dir - straight line, f/p - ball python
Aim: a ball python (constricting you, 64% to hit)
You shoot an arrow.
The arrow closely misses the ball python.
Your attacks no longer feel as feeble.
The ball python bites you but does no damage.
The ball python constricts you.
* * * LOW HITPOINT WARNING * * *
Unknown command.
Fire: a) +0 shortbow
Press: ? - help, Q - select action, (/) - cycle Shift-Dir - straight line, f/p - ball python
Aim: a ball python (constricting you, 64% to hit)
You shoot an arrow.
The arrow barely misses the ball python.
The ball python bites you but does no damage.
The ball python constricts you.
You die...

######....# #..).....#
#>........######........######
#.........'...)'..............
#.........######........####..
#.........# #........# #..
#.......).######........# #..
#.......................# #..
#....................#### #..
#.#.[#.......@.......# #..
#........)...)S......# #..
#.....####...........# #..
#...)..# #.........### #..
#......# #.........# ###
#.####)###.........# #.#
#[.##.........# #.#
##..#.........#
#.######.'.........#


You could see a ball python.

Vanquished Creatures
  A scorpion (D:5)
  A hound (D:4)
  3 orc priests
  A gnoll bouda (D:4)
  A jelly (D:5)
  Natasha (twice) (D:4)
  2 iguanas (D:5)
  2 orc wizards
  2 sleepcaps (D:5)
  2 gnolls (D:5)
  5 adders
  A worm (D:2)
  2 dart slugs (D:1)
  25 orcs
  An endoplasm (D:3)
  4 giant cockroaches
  9 goblins
  2 hobgoblins (D:4)
  3 jackals (D:2)
  5 quokkas
  3 ball pythons
  4 bats
  2 frilled lizards (D:3)
  6 kobolds
  6 rats
95 creatures vanquished.

Vanquished Creatures (others)
  A goblin (D:4)
1 creature vanquished.

Grand Total: 96 creatures vanquished

Notes
Turn   | Place    | Note
-------+----------+-------------------------------------------
     0 | D:1      | MacCMillion the Demigod Hunter began the quest for the Orb.
     0 | D:1      | Reached XP level 1. HP: 17/17 MP: 3/3
    42 | D:1      | Reached skill level 1 in Stealth
   501 | D:1      | Reached XP level 2. HP: 18/24 MP: 4/4
   852 | D:2      | Reached skill level 4 in Ranged Weapons
  1327 | D:2      | Reached XP level 3. HP: 29/29 MP: 5/5
  2044 | D:3      | Reached skill level 5 in Ranged Weapons
  2044 | D:3      | Reached XP level 4. HP: 36/36 MP: 6/6
  2437 | D:3      | HP: 1/36 [orc wizard/puff of flame (11)]
  3635 | D:3      | Reached XP level 5. HP: 41/41 MP: 7/7
  4186 | D:4      | Noticed Natasha
  4195 | D:4      | Killed Natasha
  4196 | D:4      | Reached skill level 6 in Ranged Weapons
  4307 | D:4      | Noticed Natasha
  4311 | D:4      | Killed Natasha
  4731 | D:4      | Noticed Natasha
  5004 | D:4      | Found a staircase to the Ecumenical Temple.
  5032 | D:4      | Identified the staff of death "Nuneclom" {rPois rC+ rN+
                  | Str+3}
  5387 | D:4      | Reached XP level 6. HP: 48/48 MP: 8/8
  5516 | D:5      | Entered Level 5 of the Dungeon
  5559 | D:5      | Found Qaecs's Assorted Antiques.
  5774 | D:5      | Reached skill level 7 in Ranged Weapons
  6715 | D:5      | Identified the +7 war axe of Prudence {protect, *Slow Str+3
                  | Dex+2 Stlth+}
  6727 | D:4      | HP: 2/48 [gnoll bouda/+1 whip of electrocution (10)]
  6729 | D:4      | Reached XP level 7. HP: 2/53 MP: 9/9
  6731 | D:4      | Constricted to death by a ball python

Illustrated notes

Levels and vault maps discovered:
D:1:      dpeg_arrival_tiny_k, layout_basic
D:2:      layout_basic
D:3:      cheibrodos_pilgrimage, layout_basic, nicolae_dithmenos_shadow_blocks,
          shapermc_ecumenical_altar_pompeii
D:4:      layout_basic, minmay_temple_entry_statues_pillars, uniq_natasha
D:5:      layout_basic, minmay_shop_grid_forest

Skill      XL: |  1  2  3  4  5  6 |
---------------+-------------------+-----
Stealth        | 1 2 |  2.0
Ranged Weapons | 4 5 6 7 |  7.9
Fighting       | |  1.8
Dodging        | |  1.8

Action                     |  1- 3 |  4- 6 |  7- 9 || total
---------------------------+-------+-------+-------++-------
   Fire: Shortbow          |   102 |   236 |     3 ||   341
 Armour: Leather armour    |    12 |    43 |     3 ||    58
  Dodge: Dodged            |    20 |    94 |     1 ||   115

Table legend: (Time is in decaauts)
 A = Elapsed time spent in this place.
 B = Non-inter-level travel time spent in this place.
 C = Inter-level travel time spent in this place.
 D = Time resting spent in this place.
 E = Time spent auto-exploring this place.
 F = Levels seen in this place.
 G = Mean time per level.
                   A        B        C        D        E       F      G
               +--------+--------+--------+--------+--------+-----+--------+
         Total |   6839 |   6735 |    104 |   2871 |   3031 |   5 | 1367.8 |
       Dungeon |   6839 |   6735 |    104 |   2871 |   3031 |   5 | 1367.8 |
               +--------+--------+--------+--------+--------+-----+--------+

Top non-repeatable levels by time:
     D:2: 1857 daAuts
     D:4: 1614 daAuts
     D:3: 1350 daAuts
     D:5: 1218 daAuts
     D:1: 798 daAuts
